 Dungeon Crawl Stone Soup version 0.31.0-11-ge490571c62 (webtiles) character file.

Game seed: 2656727725808224982

46 qw the Shooter (level 3, 0/20 HPs)
             Began as a Deep Elf Hunter on Feb 4, 2024.
             Slain by a quokka (3 damage)
             ... on level 2 of the Dungeon.
             The game lasted 00:00:02 (617 turns).

qw the Shooter (Deep Elf Hunter)                     Turns: 617, Time: 00:00:03

Health: 0/20       AC:  6    Str: 10    XL:     3   Next: 44%
Magic:  5/5        EV: 11    Int: 13    God:
Gold:   71         SH:  0    Dex: 18    Spells: 2/2 levels left

rFire   . . .        a - +0 shortbow
rCold   . . .        (shield currently unavailable)
rNeg    . . .        f - +0 ring mail
rPois   .            (no helmet)
rElec   .            (no cloak)
rCorr   .            g - +0 pair of gloves
SInv    .            (no boots)
Will    .....        (no amulet)
Stlth   +            (no ring)
HPRegen 0.23/turn    (no ring)
MPRegen 0.09/turn

%: no passive effects
@: no status effects
A: no striking features
a: no special abilities


You were on level 2 of the Dungeon.
You visited 1 branch of the dungeon, and saw 2 of its levels.

You collected 71 gold pieces.


   Skills:
 - Level 1.5 Fighting
 + Level 7.0 Ranged Weapons
 - Level 2.4 Dodging
 - Level 1.2 Stealth


You had 2 spell levels left.
You didn't know any spells.
Your spell library was empty.

Inventory:

Hand Weapons
 a - a +0 shortbow (weapon)
Armour
 f - a +0 ring mail (worn)
 g - a +0 pair of gloves (worn)
Potions
 i - a potion of heal wounds {unknown}
 j - a potion of enlightenment {unknown}

Dungeon Overview and Level Annotations

Branches:
Dungeon (2/15)

Altars:


Message History

The arrow hits the ribbon worm but does no damage.
The ribbon worm is lightly wounded.
The ribbon worm closely misses you.
You shoot an arrow. The arrow hits the ribbon worm.
The ribbon worm is moderately wounded.
The ribbon worm closely misses you.
You shoot an arrow. The arrow hits the ribbon worm!
The ribbon worm is severely wounded.
The ribbon worm expels a string of sticky webbing.
The stream of webbing hits you but does no damage.
You are caught in a web!
You struggle to detach yourself from the web.
The web tears apart.
The ribbon worm expels a string of sticky webbing.
The stream of webbing hits you but does no damage.
You are caught in a web!
The web tears apart.
The ribbon worm bites you.
You shoot an arrow. The arrow hits the ribbon worm.
The ribbon worm is severely wounded.
The ribbon worm bites you.
You shoot an arrow. The arrow hits the ribbon worm.
The ribbon worm is severely wounded.
The ribbon worm bites you.
You shoot an arrow.
The arrow barely misses the ribbon worm.
The arrow hits the endoplasm.
The endoplasm is moderately wounded.
The ribbon worm closely misses you.
You shoot an arrow. The arrow hits the ribbon worm.
The ribbon worm is severely wounded.
The ribbon worm bites you!
You shoot an arrow. The arrow hits the ribbon worm!
You kill the ribbon worm!
The quokka barely misses you.
Your Ranged Weapons skill increases to level 7!
You shoot an arrow. The arrow hits the quokka.
The quokka is almost dead.
The quokka bites you.
You die... ....##....... ........... ...#..... ....... .....
KJ.

... #r# ...
######@##### ...
#.........># .....
#..........# #
#.#.#####..%......##
.. ..........##.....#
#. #.......##....##
..######...........#
.........>...........
...).####....##....###


You could see an endoplasm, a quokka and a kobold.

Vanquished Creatures
  An adder (D:2)
  A dart slug (D:1)
  A ribbon worm (D:2)
  5 ball pythons (D:1)
  2 endoplasms (D:1)
  2 giant cockroaches
  A hobgoblin (D:1)
  3 quokkas (D:1)
  2 bats (D:1)
  9 goblins
  6 rats (D:1)
33 creatures vanquished.

Notes
Turn   | Place    | Note
-------+----------+-------------------------------------------
     0 | D:1      | qw the Deep Elf Hunter began the quest for the Orb.
     0 | D:1      | Reached XP level 1. HP: 12/12 MP: 3/3
     0 | D:1      | 0 ||| qw: Version: 0.3-a-160-g6735b56
     0 | D:1      | 0 ||| qw: Game counter: 5063
     0 | D:1      | 0 ||| qw: Melee chars always use a shield: true
     0 | D:1      | 0 ||| qw: God list: Okawaru
     0 | D:1      | 0 ||| qw: Allow faded altars: false
     0 | D:1      | 0 ||| qw: Do Orc after clearing Dungeon:15 true
     0 | D:1      | 0 ||| qw: Do second Lair branch before Depths: true
     0 | D:1      | 0 ||| qw: Lair rune preference: random
     0 | D:1      | 0 ||| qw: Goals: Normal
     0 | D:1      | 0 ||| PLANNING D:1-11
   109 | D:1      | Reached skill level 6 in Ranged Weapons
   109 | D:1      | Reached XP level 2. HP: 16/16 MP: 4/4
   261 | D:1      | Found a faded altar of an unknown god.
   280 | D:1      | Reached XP level 3. HP: 20/20 MP: 5/5
   531 | D:1      | 531 ||| UPGRADING to +0 ring mail.
   541 | D:1      | 541 ||| DROPPING +0 leather armour.
   542 | D:1      | 542 ||| UPGRADING to +0 pair of gloves.
   547 | D:1      | 547 ||| DROPPING ring of magical power.
   548 | D:1      | 548 ||| READING 2 scrolls labelled LONKUDWUJUN.
   549 | D:1      | 549 ||| READING scroll labelled IGRYRY IMAT.
   550 | D:1      | 550 ||| DROPPING scroll of butterflies.
   551 | D:1      | 551 ||| DROPPING scroll of immolation.
   569 | D:2      | 569 ||| STAIRDANCE
   615 | D:2      | HP: 3/20 [ribbon worm (7)]
   617 | D:2      | Reached skill level 7 in Ranged Weapons
   617 | D:2      | Slain by a quokka

Levels and vault maps discovered:
D:1:      saegor_arrival_fortress, layout_rooms,
          chequers_ecumenical_altar_simple_redux
D:2:      layout_rooms, interstate_on_off

Skill      XL: |  1  2  3 |
---------------+----------+-----
Ranged Weapons | 6 7 |  7.0
Fighting       | |  1.5
Dodging        | |  2.4
Stealth        | |  1.2

Action                     || total
---------------------------++-------
   Fire: Shortbow          ||    80
    Use: Scroll            ||     2
 Armour: Leather armour    ||     1
         Ring mail         ||     8
  Dodge: Dodged            ||     8

Table legend:
 A = Non-vault XP
 B = Vault XP
 C = Vault XP percentage of total XP
 D = Non-vault monster count
 E = Vault monster count
 F = Vault count percentage of total count
                 A         B        C        D         E       F
            +---------+---------+-------+---------+---------+-------
      Total |      66 |       0 |   0.0 |      33 |       0 |   0.0
            +---------+---------+-------+---------+---------+-------
        D:1 |      45 |       0 |   0.0 |      29 |       0 |   0.0
        D:2 |      21 |       0 |   0.0 |       4 |       0 |   0.0
            +---------+---------+-------+---------+---------+-------
